AoeStats
← Marin.

Enclosed

504226233Analyzed
1v1 RM · 29d ago on Sep 4, 2026· 46m 10s· 2 players
Game mode
Random Map
Map size
Tiny (2 player)
Population
200
Speed
Normal
Resources
Standard
Victory
Conquest
Starting age
Dark Age
Ending age
Imperial Age
RankedLock teamsTeams togetherTeam positionsShared explorationLock speedFull tech treeHidden civsTurbo modeCheats
Victory
Defeat
🇪🇸 Britons · Spain
1038
+14
🇸🇪 Bohemians · Sweden
986
-14
Marin.
9:21 Feudal Age
7:36 Loom
10:20 Double-Bit Axe
10:17 Horse Collar
22:16 Castle Age
23:15 Wheelbarrow
22:26 Town Watch
24:42 Fletching
26:27 Ballistics
26:40 Crossbowman
27:44 Pikeman
28:25 Squires
36:05 Imperial Age
35:54 Padded Archer Armor
35:52 Bodkin Arrow
36:24 Murder Holes
37:11 Yeomen
39:36 Warwolf
41:45 Chemistry
41:00 Warwolf
41:48 Arbalester
45:49 Bow Saw
45:40 Heavy Plow
J.D.Rehn
9:57 Feudal Age
10:09 Man-at-Arms
11:10 Loom
11:49 Double-Bit Axe
13:19 Horse Collar
13:58 Arson
17:54 Wheelbarrow
21:40 Castle Age
22:36 Hand Cart
22:34 Bow Saw
22:33 Heavy Plow
22:48 Scale Barding Armor
25:55 Chain Barding Armor
28:44 Forging
29:22 Town Watch
35:22 Heavy Plow
39:32 Imperial Age
37:44 Husbandry
38:32 Iron Casting
41:10 Chemistry
39:51 Cavalier
Connection lost

Rejoining the realm…

Still unreachable

The connection could not be restored.

Session expired

The server has moved on; the page needs a fresh start.